 Dungeon Crawl Stone Soup version 0.25-a0-59-gf342c8b036 (webtiles) character file.

Game seed: 13504772098609597950, levelgen mode: deterministic

46 Napalmbreeze the Conjurer (level 3, -2/27 HPs)
             Began as a Mummy Conjurer on Oct 28, 2019.
             Killed from afar by Sigmund (13 damage)
             ... with a puff of flame
             ... on level 2 of the Dungeon.
             The game lasted 00:04:59 (1816 turns).

Napalmbreeze the Conjurer (Mummy Conjurer)          Turns: 1816, Time: 00:04:59

Health: -2/27      AC:  2    Str: 11    XL:     3   Next: 46%
Magic:  4/8        EV: 12    Int: 15    God:
Gold:   47         SH:  0    Dex: 12    Spells: 6/9 levels left

rFire    x . .     SeeInvis .   e - +0 club
rCold    + . .     Gourm    .   (no shield)
rNeg     + + +     Faith    .   a - +0 robe
rPois    ∞         Spirit   .   (no helmet)
rElec    .         Reflect  .   (no cloak)
rCorr    .         Harm     .   (no gloves)
MR       .....                  (no boots)
Stlth    ++........             (no amulet)
HPRegen  0.09/turn              (no ring)
MPRegen  0.11/turn              (no ring)

@: no status effects
A: no food or potions, fire vulnerability, cold resistance 1, negative energy
resistance 3, torment resistance, unbreathing
a: no special abilities


You were on level 2 of the Dungeon.
You were not hungry.

You visited 1 branch of the dungeon, and saw 2 of its levels.

You collected 47 gold pieces.

Inventory:

Hand Weapons
 e - a +0 club (weapon)
Armour
 a - a +0 robe (worn)
Wands
 d - a wand of enslavement (11)
Scrolls
 b - 2 scrolls of identify {unknown}
 c - a scroll of random uselessness {unknown}
 f - a scroll of teleportation {unknown}


   Skills:
 + Level 1.6 Fighting
 - Level 1.5 Dodging
 - Level 1.5 Stealth
 + Level 3.5 Spellcasting
 + Level 3.6 Conjurations


You had 6 spell levels left.
You knew the following spells:

 Your Spells              Type           Power        Failure   Level  Hunger
a - Magic Dart            Conj           ##..         4%          1    N/A
s - Searing Ray           Conj           ##....       6%          2    N/A

Your spell library contained the following spells:

 Spells                   Type           Power        Failure   Level  Hunger
 Dazzling Spray           Conj/Hex       #.....       26%         3    N/A
 Iskenderun's Mystic Bla  Conj           ##......     38%         4    N/A
 Force Lance              Conj/Tloc      #.......     65%         4    N/A
 Fulminant Prism          Conj/Hex       #.........   65%         4    N/A

Dungeon Overview and Level Annotations

Branches:
Dungeon (2/15)

Altars:

Annotations:
D:2 1 runed translucent door, Crazy Yiuf, Sigmund


Innate Abilities, Weirdness & Mutations

You do not eat or drink.
Your flesh is vulnerable to fire.
You are immune to poison.
Your flesh is cold resistant. (rC+)
You are immune to negative energy. (rN+++)
You are immune to unholy pain and torment.
You can survive without breathing.


Message History

Aiming: Searing Ray (safe; 6% risk of failure)
Press: ? - help, Shift-Dir - straight line, f/p - Sigmund
Aim: Sigmund, wielding a +0 scythe and wearing a +0 robe (severely wounded)
The searing ray misses Sigmund. (Press . to maintain the ray.) Sigmund gestures at you while chanting.
You are confused.
Sigmund barely misses you.
You bump into the rock wall.
Sigmund closely misses you.
You bump into the rock wall.
You feel less confused.
Sigmund gestures wildly while chanting.
Sigmund flickers and vanishes!
Deactivating autopickup; reactivate with Ctrl-A.
A magic dart appears from out of thin air!
The magic dart hits you!
There is an escape hatch in the ceiling here.
A puff of flame appears from out of thin air!
The puff of flame hits you! The fire burns you terribly!
You die...

#.# #..# #....# .#
#..# #.##.##>#
#..#####.##....#
#### #..
#.>......##.####
...# #.#
##.###......# ##.#
#.# #..##.####.# #.#
#.# ##.##.# #.# #.#
#.# #.##.# #.# #.#
#.# #@##.# #.# #.#
#.# #.##.# #.#
#.###.#########.##.#
#.#
#.....†............#
#.#
#####.##########.###
#.# #.# #.# #.# #.#
#.# #.# #.# #.# #.#
#.# #.# #.####


There were no monsters in sight!

Vanquished Creatures
  An adder (D:2)
  2 dart slugs (D:2)
  A leopard gecko (D:2)
  6 bats
  2 giant cockroaches (D:2)
  3 hobgoblins
  2 jackals (D:2)
  4 kobolds
  A quokka (D:2)
  A ball python (D:1)
  5 goblins
  3 rats
31 creatures vanquished.

Notes
Turn   | Place    | Note
-------+----------+-------------------------------------------
     0 | D:1      | Napalmbreeze the Mummy Conjurer began the quest for the
                  | Orb.
     0 | D:1      | Reached XP level 1. HP: 13/13 MP: 4/4
   412 | D:1      | Reached XP level 2. HP: 20/20 MP: 4/6
   507 | D:1      | Reached skill level 1 in Fighting
   511 | D:1      | Learned a level 2 spell: Searing Ray
  1054 | D:2      | Reached XP level 3. HP: 21/26 MP: 2/7
  1631 | D:2      | Found a runed translucent door.
  1632 | D:2      | Noticed Crazy Yiuf
  1788 | D:2      | Noticed Sigmund
  1816 | D:2      | Killed from afar by Sigmund

Levels and vault maps discovered:
D:1:      lightli_arrival_windingriver, layout_rooms
D:2:      layout_loops_ring, uniq_sigmund, uniq_crazy_yiuf_cottage

Skill      XL: |  1  2 |
---------------+-------+-----
Spellcasting   | 3 |  3.5
Fighting       | 1 |  1.6
Dodging        | |  1.5
Stealth        | |  1.5
Conjurations   | |  3.6

Action                   || total
-------------------------++-------
Melee: Unarmed           ||     2
       Club              ||    16
 Cast: Magic Dart        ||    58
       Searing Ray       ||     5
Armor: Robe              ||     7
Dodge: Dodged            ||    40

Table legend:
 A = Non-vault XP
 B = Vault XP
 C = Vault XP percentage of total XP
 D = Non-vault monster count
 E = Vault monster count
 F = Vault count percentage of total count
                 A         B        C        D         E       F
            +---------+---------+-------+---------+---------+-------
      Total |      67 |       0 |   0.0 |      31 |       0 |   0.0
            +---------+---------+-------+---------+---------+-------
        D:1 |      17 |       0 |   0.0 |      12 |       0 |   0.0
        D:2 |      50 |       0 |   0.0 |      19 |       0 |   0.0
            +---------+---------+-------+---------+---------+-------
